 Dungeon Crawl Stone Soup version 0.18-a0-1805-g8ab820f (webtiles) character file.

2139 Moloch the Thaumaturge (level 9, -3/51 HPs)
             Began as an Octopode Wizard on Apr 25, 2016.
             Was a Believer of Vehumet.
             Slain by varam's ghost (14 damage)
             ... on level 7 of the Dungeon.
             The game lasted 03:41:20 (9019 turns).

Moloch the Thaumaturge (Octopode Wizard)            Turns: 9019, Time: 03:41:21

Health: -3/51      AC:  1    Str:  7    XL:     9   Next: 30%
Magic:  12/21      EV: 12    Int: 23    God:    Vehumet [**....]
Gold:   333        SH:  0    Dex: 10    Spells: 5 memorised, 13 levels left

rFire  . . .     SeeInvis .     C - +7 greatsling "Punk" {freeze, rC+}
rCold  + . .     Gourm    .     (no shield)
rNeg   . . .     Faith    .     a - +0 hat
rPois  .         Spirit   .     (no amulet)
rElec  .         Dismiss  .     l - ring of wizardry
rCorr  .         Reflect  .     (no ring)
SustAt .         Harm     .     (no ring)
MR     .....                    (no ring)
Stlth  +++.......               (no ring)
                                (no ring)
                                (no ring)
                                (no ring)

@: drained, not resistant to hostile enchantments, fairly stealthy
A: almost no armour, amphibious, 8 rings, constrict 8, camouflage 1, gelatinous
body 1
a: Renounce Religion


You were on level 7 of the Dungeon.
You worshipped Vehumet.
Vehumet was pleased with you.
You were not hungry.

You visited 1 branch of the dungeon, and saw 7 of its levels.

You collected 333 gold pieces.

Inventory:

Hand Weapons
 w - a +0 halberd
 C - the +7 greatsling "Punk" (weapon) {freeze, rC+}
   (You found it on level 7 of the Dungeon)

   It causes projectiles fired from it to freeze those they strike, causing
   extra injury to most foes and up to half again as much damage against
   particularly susceptible opponents.
   They can also slow down cold-blooded creatures.
   It protects you from cold.
 E - a +4 quarterstaff of chaos
Missiles
 e - 282 stones (quivered)
 D - 26 sling bullets
 F - 20 poisoned needles
Armour
 a - a +0 hat (worn)
Jewellery
 l - a ring of wizardry (left tentacle)
Wands
 n - a wand of random effects (27/48)
 x - a wand of iceblast (4/15)
Scrolls
 g - 8 scrolls of identify {unknown}
 i - 4 scrolls of enchant weapon {unknown}
 j - a scroll of enchant armour {unknown}
 k - 2 scrolls of random uselessness {unknown}
 m - 5 scrolls of fear {unknown}
 p - 8 scrolls of remove curse
 r - a scroll of noise {unknown}
 u - 3 scrolls of teleportation {unknown}
 v - a scroll of blinking {unknown}
 B - a scroll of magic mapping {unknown}
Potions
 d - 3 potions of brilliance
 o - a potion of agility {unknown}
 s - a potion of flight {unknown}
 t - 2 potions of heal wounds {unknown}
 z - 2 potions of might {unknown}
Books
 b - a book of Minor Magic

   Spells                             Type                      Level
   a - Magic Dart                     Conjuration                  1
   b - Blink                          Translocation                2
   c - Call Imp                       Summoning                    2
   d - Repel Missiles                 Charms/Air                   2
   e - Slow                           Hexes                        2
   f - Conjure Flame                  Conjuration/Fire             3
   g - Mephitic Cloud                 Conjuration/Poison/Air       3
 y - an Akashic Record

   Spells                             Type                      Level
   a - Dispersal                      Translocation                6
   b - Malign Gateway                 Summoning/Translocation      7
   c - Disjunction                    Translocation                8
   d - Controlled Blink               Translocation                8
Comestibles
 c - 8 bread rations
 f - 3 slices of pizza
 h - 4 fruits
 q - a royal jelly
 G - a meat ration
 H - 5 chunks of flesh


   Skills:
 - Level 2.0(1.5) Dodging
 - Level 2.6(2.2) Stealth
 + Level 8.1(7.6) Spellcasting
 + Level 7.3(6.8) Conjurations
 - Level 1.0(0.5) Summonings
 - Level 1.0(0.5) Translocations
 * Level 4.7(4.2) Fire Magic


You had 13 spell levels left.
You knew the following spells:

 Your Spells              Type           Power        Failure   Level  Hunger
a - Magic Dart            Conj           ####         1%          1    None
b - Blink                 Tloc           N/A          4%          2    None
c - Call Imp              Summ           ##......     4%          2    None
d - Mephitic Cloud        Conj/Pois/Air  ###.....     4%          3    None
e - Conjure Flame         Conj/Fire      ####....     1%          3    None


Dungeon Overview and Level Annotations

Branches:
Dungeon (7/15)             Temple (0/1) D:5

Altars:
Ashenzari
Cheibriados
Kikubaaqudgha
Nemelex Xobeh
Okawaru
Sif Muna
Vehumet
The Shining One

Annotations:
D:7 varam's ghost, novice DrSk


Innate Abilities, Weirdness & Mutations

You cannot wear most types of armour.
You are amphibious.
You can wear up to eight rings at the same time.
You can use your tentacles to constrict eight enemies at once.
Your skin changes colour to match your surroundings (Stealth).
Your rubbery body absorbs attacks (AC +1).


Message History

* * * LOW HITPOINT WARNING * * *
x2 Unknown command.
You are too injured to fight recklessly!
Unknown command.
Firing (i - inventory. (,) - cycle):
e - 283 stones (quivered)
Press: ? - help, Shift-Dir - straight line, f/p - varam's ghost
Aim: varam's ghost, wielding a vorpal weapon (severely damaged)
You shoot a stone. The stone barely misses varam's ghost.
Your iron imp closely misses varam's ghost.
Your crimson imp completely misses varam's ghost.
Varam's ghost breathes negative energy at you.
The bolt of negative energy hits you!
You feel drained.
* * * LOW HITPOINT WARNING * * *
Your iron imp closely misses varam's ghost.
Unknown command.
Drink which item? (? for menu, Esc to quit)
You feel better.
Your crimson imp blinks!
Varam's ghost hits you!
You die...

#.......# #.5.....# #.#
#.......# #.# #.......#
#.#######.......#
#.##............#
#.##............#
.#####.##.......§5...#####.#
................@W(..'§(...#
######.......)...5...####....
..............######## .
.................
################## .....
#......# ..... #......# .....
......# ..... #.....#####


You could see varam's ghost, a friendly iron imp and 2 friendly crimson imps.

Vanquished Creatures
  A troll (D:6)
  A hippogriff (D:7)
  2 ice beasts
  An orc warrior (D:5)
  2 ogres (D:5)
  2 centaurs
  Blork the orc (D:4)
  2 giant frogs
  2 scorpions
  2 jellies
  A centaur zombie (D:5)
  3 hounds
  A giant frog skeleton (D:4)
  2 orc priests (D:7)
  Crazy Yiuf (D:5)
  A centaur skeleton (D:4)
  6 orc wizards
  An iguana (D:6)
  3 worker ants
  A hound zombie (D:7)
  A hound skeleton (D:5)
  3 gnolls (D:3)
  13 adders
  A shadow imp (D:6)
  An ooze (D:7)
  An adder skeleton (D:5)
  3 worms
  3 dart slugs
  6 giant geckos
  13 orcs
  5 giant cockroaches
  4 goblins
  5 hobgoblins
  5 jackals
  5 quokkas
  14 bats
  A giant gecko skeleton (D:6)
  8 giant newts
  A jackal skeleton (D:7)
  15 kobolds
  A quokka skeleton (D:7)
  7 rats
152 creatures vanquished.

Vanquished Creatures (collateral kills)
  An ooze (D:2)
  An adder skeleton (D:4)
  An orc (D:4)
3 creatures vanquished.

Grand Total: 155 creatures vanquished

Notes
Turn   | Place    | Note
--------------------------------------------------------------
     0 | D:1      | Moloch the Octopode Wizard began the quest for the Orb.
     0 | D:1      | Reached XP level 1. HP: 11/11 MP: 4/4
   358 | D:1      | Reached XP level 2. HP: 15/17 MP: 1/6
   457 | D:1      | Learned a level 2 spell: Blink
   460 | D:1      | Learned a level 2 spell: Call Imp
  1392 | D:2      | Reached XP level 3. HP: 14/21 MP: 4/8
  1404 | D:2      | Learned a level 3 spell: Mephitic Cloud
  1975 | D:2      | Found a radiant altar of Vehumet.
  1982 | D:2      | Reached skill level 4 in Spellcasting
  1989 | D:2      | Reached XP level 4. HP: 18/27 MP: 7/10
  2022 | D:2      | Became a worshipper of Vehumet
  2027 | D:2      | Learned a level 3 spell: Conjure Flame
  2639 | D:2      | Found a glowing golden altar of the Shining One.
  3153 | D:3      | Reached XP level 5. HP: 31/31 MP: 1/11
  3248 | D:3      | Reached skill level 1 in Fire Magic
  3616 | D:3      | Found a shattered altar of Ashenzari.
  3749 | D:3      | Reached * piety under Vehumet
  3749 | D:3      | Offered knowledge of Sting by Vehumet.
  4344 | D:4      | Reached XP level 6. HP: 36/36 MP: 7/13
  4544 | D:4      | Noticed a phantom
  4697 | D:4      | Noticed Blork the orc
  4894 | D:4      | Killed Blork the orc
  4894 | D:4      | Reached skill level 5 in Spellcasting
  5519 | D:5      | Entered Level 5 of the Dungeon
  5533 | D:5      | Reached XP level 7. HP: 41/41 MP: 6/14
  5583 | D:5      | Found an ancient bone altar of Kikubaaqudgha.
  5769 | D:5      | Reached skill level 5 in Conjurations
  6009 | D:5      | Reached skill level 6 in Spellcasting
  6145 | D:5      | Found a deep blue altar of Sif Muna.
  6209 | D:5      | Noticed Crazy Yiuf
  6217 | D:5      | Killed Crazy Yiuf
  6285 | D:5      | Reached XP level 8. HP: 46/46 MP: 5/17
  6346 | D:5      | Reached ** piety under Vehumet
  6346 | D:5      | Offered knowledge of Throw Frost by Vehumet.
  6682 | D:5      | Found a staircase to the Ecumenical Temple.
  6701 | D:5      | Found an iron altar of Okawaru.
  7216 | D:6      | Noticed a troll
  7236 | D:6      | Killed a troll
  7236 | D:6      | Reached skill level 7 in Spellcasting
  7278 | D:6      | Found a snail-covered altar of Cheibriados.
  7816 | D:6      | Reached XP level 9. HP: 51/51 MP: 16/20
  8105 | D:7      | Noticed varam's ghost (novice DrSk)
  8719 | D:7      | Found a sparkling altar of Nemelex Xobeh.
  8914 | D:7      | Reached skill level 8 in Spellcasting
  9018 | D:7      | HP: 2/51 [varam's ghost/bolt of negative energy (9)]
  9019 | D:7      | Slain by varam's ghost

Vault maps used:
D:1:      erik_arrival_cave_to_civilisation, hangedman_feature_mirror,
          minmay_close_crescents
D:2:      forest_paths, nicolae_tso_swordbearing_angel, lemuel_round_altar,
          first_bread
D:3:      cheibrodos_ashenzari_chains
D:4:      grunt_decor_arrowhead, lemuel_flame_loot_1, uniq_blork_the_orc
D:5:      kiku_gazebo_pond_becter, nicolae_overflow_hidden_temple, basic_altar,
          uniq_crazy_yiuf_cottage
D:6:      basic_altar
D:7:      lemuel_crystal_altar, nemelex_xobeh_ov_fountains_minmay

Skill      XL: |  1  2  3  4  5  6  7  8  9 |
---------------+----------------------------+-----
Conjurations   | 2 3 4 5 6 7 |  7.3
Spellcasting   | 4 5 6 7 8 |  8.1
Fire Magic     | 1 2 3 4 |  4.7
Dodging        | |  2.0
Stealth        | |  2.6
Summonings     | |  1.0
Translocations | |  1.0

Action                   |  1- 3 |  4- 6 |  7- 9 || total
-------------------------+-------+-------+-------++-------
Melee: Unarmed           |    13 |       |       ||    13
       Constrict         |    13 |     9 |     7 ||    29
       Whip              |    35 |     5 |       ||    40
       Tentacles         |     3 |     4 |     3 ||    10
       Short sword       |       |    48 |     7 ||    55
       Quarterstaff      |       |       |    33 ||    33
 Fire: Greatsling        |       |       |    30 ||    30
 Cast: Magic Dart        |    78 |   169 |   149 ||   396
       Mephitic Cloud    |     3 |     9 |    26 ||    38
       Conjure Flame     |       |     4 |     6 ||    10
       Call Imp          |       |     2 |    11 ||    13
       Blink             |       |       |     1 ||     1
  Use: Potion            |     2 |       |     1 ||     3
       Scroll            |       |       |     1 ||     1
 Stab: Confused          |       |     3 |     1 ||     4
       Sleeping          |       |       |     3 ||     3
  Eat: Chunk             |     3 |    11 |    10 ||    24
       Beef jerky        |       |       |     1 ||     1
Armor: Skin              |    13 |     5 |     2 ||    20
Dodge: Dodged            |    65 |    48 |    20 ||   133
